 Dungeon Crawl Stone Soup version 0.30-a0-721-ga6a225cb13 (webtiles) character file.

Game seed: 5792549592957973096

302493 Arximoufas the Basher (level 20, -4/159 HPs)
             Began as a Demonspawn Gladiator on Jan 27, 2023.
             Was an Elder of Jiyva.
             Blown up by an orb spider (59 damage)
             ... with an orb of destruction
             ... on level 2 of the Spider Nest.
             The game lasted 04:01:34 (38355 turns).

Arximoufas the Basher (Demonspawn Gladiator)       Turns: 38355, Time: 04:01:34

Health: -4/159     AC: 26    Str: 18 (19) XL:     20   Next: 55%
Magic:  32/32      EV: 23    Int: 18 (20) God:    Jiyva [****..]
Gold:   1733       SH:  0    Dex: 17 (19) Spells: 10/35 levels left

rFire   + . .      SeeInvis .    O - +2 executioner's axe (drain)
rCold   + . .      Faith    .    (shield currently unavailable)
rNeg    + . .      Spirit   .    w - +0 pearl dragon scales
rPois   +          Reflect  .    M - +2 hat {Will+}
rElec   +          Harm     .    L - +2 cloak {rCorr}
rCorr   +          Rampage  .    (gloves unavailable)
Will    ++++.                    x - +0 pair of boots
Stlth   ++++                     Y - amulet of the Air {Inacc Air Fly rElec RMsl}
HPRegen 1.74/turn                j - ring "Qyinun" {Fly rPois rC+ Int+6 Stlth+}
MPRegen 0.63/turn                g - ring "Hireptask" {rF+ Will+}

@: agile, calling ooze, flying, repel missiles
A: claws 3, rugged brown scales 3, powered by pain 2, demonic magic 2, demonic
willpower, agile 1, clever 1, shaggy fur 2, wild magic 2, acidic bite,
gelatinous body 3, pseudopods 1, translucent skin 2, evolution 1, tendrils,
engulf, noise suppression
}: 1/15 runes: slimy
a: Renounce Religion, Oozemancy, Slimify


You were on level 2 of the Spider Nest.
You worshipped Jiyva.
Jiyva was greatly pleased with you.
You visited 7 branches of the dungeon, and saw 35 of its levels.
You visited 1 bazaar.
You also visited: Ossuary and Bailey.

You collected 4303 gold pieces.
You spent 2570 gold pieces at shops.

Inventory:

Hand Weapons
 o - the +8 mace "Desch" {vamp, rC+ rCorr SInv}
   (You found it on level 3 of the Dungeon)

   rC:        It protects you from cold.
   SInv:      It lets you see invisible.
   rCorr:     It protects you from acid and corrosion.
 O - a +2 executioner's axe of draining (weapon)
Armour
 e - a +2 helmet
 w - +0 pearl dragon scales (worn)
 x - a +0 pair of boots (worn)
 D - a +0 buckler
 F - the +5 robe of Night {Dark Will+ SInv}
   (You found it on level 12 of the Dungeon)

   Dark:      It shrouds the wearer in darkness, reducing the range at which
   they can see and be seen by others.
   SInv:      It lets you see invisible.
   Will:      It increases your willpower.
 L - a +2 cloak of preservation (worn)
 M - a +2 hat of willpower (worn)
 U - the +18 shield of the Gong {Loud rElec rN+ Will+ EV-5}
   (You found it on level 5 of the Pits of Slime)

   Loud:      It is deafeningly noisy when blocking attacks.
   EV:        It affects your evasion (-5).
   rElec:     It insulates you from electricity.
   rN:        It protects you from negative energy.
   Will:      It increases your willpower.
Magical Staves
 H - a staff of air
 V - a staff of conjuration
Jewellery
 a - a ring of ice
 d - a ring of ice
 g - the ring "Hireptask" (right claw) {rF+ Will+}
   (You took it off a tengu reaver on level 5 of the Vaults)

   [ring of protection from fire]

   rF:        It protects you from fire.
   Will:      It increases your willpower.
 j - the ring "Qyinun" (left claw) {Fly rPois rC+ Int+6 Stlth+}
   (You took it off a necromancer on level 5 of the Lair of Beasts)

   [ring of intelligence]

   Int:       It affects your intelligence (+6).
   rC:        It protects you from cold.
   rPois:     It protects you from poison.
   Fly:       It grants you flight.
   Stlth:     It makes you more stealthy.
 E - a ring of see invisible
 P - the ring "Polo Hog" {rN+ EV+5}
   (You took it off a vault warden on level 3 of the Vaults)

   [ring of evasion]

   EV:        It affects your evasion (+5).
   rN:        It protects you from negative energy.
 T - the ring of the Mage {Wiz Archmagi}
   (You found it on level 5 of the Pits of Slime)

   [ring of wizardry]

   It improves your spell success rate.
   Archmagi:  It increases the power of your magical spells.
 X - a ring of protection from cold
 Y - the amulet of the Air (around neck) {Inacc Air Fly rElec RMsl}
   (You found it on level 5 of the Lair of Beasts)

   [amulet of nothing]

   Inacc:     It reduces the accuracy of your attacks and spells.
   Air:       It enhances your air magic.
   rElec:     It insulates you from electricity.
   Fly:       It grants you flight.
   RMsl:      It protects you from missiles.
Wands
 h - a wand of roots (26)
 n - a wand of light (2)
 v - a wand of charming (14)
 y - a wand of digging (5)
 A - a wand of flame (43)
 J - a wand of mindburst (13)
Scrolls
 c - 2 scrolls of identify
 f - a scroll of enchant armour {unknown}
 i - 2 scrolls of blinking
 q - 4 scrolls of vulnerability
 r - a scroll of fog
 t - a scroll of butterflies
 B - a scroll of teleportation
 C - 5 scrolls of amnesia
 G - 2 scrolls of brand weapon
Potions
 k - 6 potions of mutation
 m - 4 potions of flight
 p - 5 potions of curing
 z - 6 potions of lignification
 I - 3 potions of might
 N - 4 potions of invisibility
 Q - 2 potions of magic
 S - a potion of cancellation
 W - 2 potions of ambrosia
Miscellaneous
 b - a tin of tremorstones (2/2)
 s - a piece from Xom's chessboard (15/15)
 R - a box of beasts


   Skills:
 - Level 10.8 Fighting
 * Level 9.0(12.5) Axes
 - Level 13.7(14.7) Maces & Flails
 - Level 2.0 Throwing
 - Level 13.0 Armour
 - Level 10.7 Dodging
 - Level 6.5 Stealth
 - Level 12.9 Shields
 - Level 8.0 Spellcasting
 - Level 2.5 Conjurations
 - Level 8.8 Summonings
 - Level 11.0 Necromancy
 - Level 5.0 Transmutations
 - Level 5.7 Ice Magic
 - Level 10.0 Air Magic
 - Level 5.0 Poison Magic


You had 10 spell levels left.
You knew the following spells:

 Your Spells              Type           Power      Damage    Failure   Level
a - Swiftness             Air            80%        N/A       4%          3
b - Poisonous Vapours     Pois/Air       100%       N/A       6%          2
c - Passwall              Tmut/Erth      20%        N/A       28%         2
d - Wereblood             Tmut           40%        N/A       13%         2
e - Freezing Cloud        Conj/Ice/Air   31%        6-21      69%         5
f - Haunt                 Necr/Summ      31%        N/A       99%         7
g - Summon Lightning Spi  Summ/Air       78%        N/A       13%         4

Your spell library contained the following spells:

 Spells                   Type           Power      Damage    Failure   Level
 Summon Small Mammal      Summ           100%       N/A       3%          1
 Cigotuvi's Dreadful Rot  Necr/Pois/Air  100%       N/A       4%          2
 Call Canine Familiar     Summ           58%        N/A       7%          3
 Animate Dead             Necr           66%        N/A       9%          4
 Mephitic Cloud           Conj/Pois/Air  61%        N/A       17%         3
 Spider Form              Tmut/Pois      40%        N/A       22%         3
 Ensorcelled Hibernation  Hex/Ice        56%        N/A       26%         2
 Summon Guardian Golem    Hex/Summ       37%        N/A       26%         3
 Summon Ice Beast         Ice/Summ       52%        N/A       28%         4
 Foxfire                  Conj/Fire      72%        2x1d7     30%         1
 Slow                     Hex            44%        N/A       43%         1
 Anguish                  Hex/Necr       21%        N/A       45%         4
 Lesser Beckoning         Tloc           22%        N/A       56%         2
 Animate Armour           Summ/Erth      74%        N/A       58%         4
 Borgnjor's Vile Clutch   Necr/Erth      21%        N/A       77%         5
 Confusing Touch          Hex            11%        N/A       78%         3
 Gell's Gravitas          Tloc           11%        N/A       78%         3
 Teleport Other           Tloc           11%        N/A       78%         3
 Alistair's Intoxication  Tmut/Pois      26%        N/A       82%         5
 Blade Hands              Tmut           20%        N/A       82%         5
 Summon Cactus Giant      Summ           29%        N/A       86%         6
 Summon Mana Viper        Hex/Summ       37%        N/A       88%         5
 Simulacrum               Ice/Necr       28%        N/A       89%         6
 Irradiate                Conj/Tmut      16%        3d17      93%         5
 Fireball                 Conj/Fire      9%         3d6       99%         5
 Eringya's Noxious Bog    Tmut/Pois      20%        N/A       100%        6
 Iron Shot                Conj/Erth      9%         9d3       100%        6
 Monstrous Menagerie      Summ           29%        N/A       100%        7
 Infestation              Necr           33%        N/A       100%        8
 Lehudib's Crystal Spear  Conj/Erth      9%         10d4      100%        8
 Polar Vortex             Ice            22%        N/A       100%        9


Dungeon Overview and Level Annotations

Branches:
Dungeon (15/15)            Temple (1/1) D:4            Lair (5/5) D:9
 Shoals (0/4) Lair:3       Spider (2/4) Lair:2        Slime (5/5) Lair:4
    Orc (2/2) D:9             Elf (0/3) Orc:2        Vaults (5/5) D:14
  Crypt (0/3) Vaults:3     Depths (0/4) D:15        Ossuary (visited)
 Bailey (visited)

Altars:
Ashenzari
Cheibriados
Dithmenos
Fedhas
Gozag
Hepliaklqana
Kikubaaqudgha
Makhleb
Nemelex Xobeh
Okawaru
Qazlal
Ru
Sif Muna
Trog
Uskayaw
Vehumet
Wu Jian
Xom
Yredelemnul
Jiyva

Shops:
D:4 ?   D:6 [   D:10 !   D:14 (   D:15 *   Orc:2 *[(*   Vaults:2 =   Vaults:3 [

Annotations:
D:12 Rupert
Slime:5 Royal Jelly
Vaults:4 Boris; Mara


Innate Abilities, Weirdness & Mutations

You have claws for hands.
You are completely covered in rugged brown scales. (AC +3, +7% HP)
You sometimes gain power by taking damage.
Spells you cast may paralyse nearby enemies.
You punish those that try to bend your will. (Will+)
You are agile. (Dex +4, Str/Int -1)
Your mind is acute. (Int +4, Str/Dex -1)
You are covered in thick fur. (AC +2)
Your spells are harder to cast, but more powerful.
You have acidic saliva.
Your gelatinous body deflects attacks. (AC +3, EV +3)
Armour fits poorly on your pseudopods.
Your translucent skin reduces your foes' accuracy. (Stealth+)
You have hidden genetic potential.
You are covered in slimy tendrils that may disarm your opponents.
Your melee attacks may engulf your foes in ooze.
You passively dampen the noise of your surroundings.


Message History

* * * LOW HITPOINT WARNING * * *
The walls burn the orb spider!
The wall burns the culicivora!
The culicivora misses you.
The wall burns the tarantella!
The tarantella completely misses you.
The walls burn the meliai!
The meliai closely misses you. The meliai barely misses you.
The walls burn the orb spider!
You feel better.
The tarantella is asphyxiated!
The wall burns the culicivora!
The culicivora completely misses you.
The walls burn the meliai!
The meliai closely misses you. The meliai barely misses you.
The wall burns the tarantella!
The tarantella misses you.
The wall burns the culicivora!
The culicivora completely misses you.
The walls burn the orb spider!
The walls burn the meliai!
The meliai completely misses you.
The meliai stings you but does no damage.
The wall burns the tarantella!
The tarantella misses you.
As you read the scroll of fear, it crumbles to dust.
You assume a fearsome visage.
The culicivora looks frightened!
The meliai looks frightened!
The tarantella looks frightened!
The orb spider looks frightened!
The tarantella is asphyxiated!
You kill the tarantella!
The walls burn the meliai!
Your attack snaps the meliai out of its fear.
The wall burns the culicivora!
Your attack snaps the culicivora out of its fear.
The walls burn the orb spider!
Your attack snaps the orb spider out of its fear.
The walls burn the meliai!
You kill the meliai!
The wall burns the culicivora!
The orb spider is healed somewhat.
The walls burn the orb spider!
The wall burns the culicivora!
You see here a tarantella corpse.
The walls burn the orb spider!
The wall burns the culicivora!
The wall burns the culicivora!
The wall burns the orb spider!
Things that are here:
a redback corpse; a wolf spider corpse The orb spider weaves a glowing orb of energy.
An orb of destruction comes into view.
You see here a jumping spider corpse.
The orb of destruction hits you!!!
You die...

.............#...#
.#...#..........#
.......#....#...#
........#......##
s.#.....#......#.##
.......[..†.##...†##
#.......#.#........##
..##.#.....†#.....^###
.....#....#..†@..###.##
.......#..#..○....#..†##
............○^..#.....<#
....#..#.##○.#.......###
...........s..##.#.#...#
#..#...#...............##
......#..####.#..#..>.#^#
..............#......#..#
..s#............#.###^..##


You could see an orb spider (fleeing).

Vanquished Creatures
  2 dread liches (Vaults:5)
  Saint Roka (Orc:1)
  Frederick (Vaults:4)
  A golden dragon (Vaults:5)
  The ghost of Quini the Spry, an adept DjFE of Elyvilon (Vaults:4)
  2 tentacled monstrosities (Vaults:5)
  A titan (Vaults:5)
  2 sphinxes
  A tengu reaver (Vaults:5)
  A fire giant (Vaults:4)
  A frost giant (Vaults:5)
  21 vault wardens
  An emperor scorpion (Spider:2)
  A ghost moth (Spider:1)
  8 very ugly things
  5 stone giants (Vaults:5)
  23 ironbound preservers
  A war gargoyle (Vaults:3)
  5 ironbound thunderhulks
  4 orc warlords
  14 dire elephants
  The ghost of NoOffense the Grappler, a journeyman TrMo of Hepliaklqana (Lair:2)
  An ettin (Vaults:5)
  9 yaktaur captains
  A fire dragon (Lair:4)
  2 entropy weavers
  3 crystal guardians
  30 vault guards
  4 peacekeepers
  Erolcha (D:13)
  2 rakshasas (D:15)
  7 hydras
  Fannar (D:11)
  15 centaur warriors
  A jorogumo (Spider:2)
  7 ironbound frosthearts
  A deep troll earth mage (Vaults:5)
  2 death yaks
  5 boulder beetles
  The ghost of Regoshi the Unseen, a journeyman SpEn of Dithmenos (Lair:3)
  5 two-headed ogres
  2 orc high priests (Orc:2)
  A tengu warrior (D:13)
  A spectral dire elephant (Lair:5)
  A spectral anaconda (Lair:5)
  Lodul (D:12)
  A pharaoh ant (Lair:2)
  An obsidian statue (Lair:5)
  2 spectral death yaks (Lair:5)
  55 deep trolls
  3 steelbarb worms
  13 ironbound convokers
  3 orb spiders
  16 orc knights
  5 wizards
  5 harpies
  5 wolf spiders
  3 necromancers
  A steelbarb worm (shapeshifter) (D:14)
  10 lindwurms
  2 orc sorcerers
  A deep elf pyromancer (D:15)
  2 cyclopes
  2 moths of wrath (Lair:2)
  22 ugly things
  Joseph (D:10)
  4 manticores
  Maurice (Orc:2)
  12 vault sentinels
  18 elephants
  5 black mambas
  4 torpor snails
  An ice statue (Lair:3)
  2 demonic crawlers
  2 gargoyles
  56 yaktaurs
  5 kobold demonologists
  9 cane toads
  11 komodo dragons
  A dire elephant skeleton (Lair:5)
  4 freezing wraiths
  14 rime drakes
  A tengu conjurer (D:14)
  6 trolls
  A human skeleton (Vaults:1)
  7 meliai
  A troll (shapeshifter) (D:10)
  A human zombie (Vaults:1)
  8 tarantellas
  Prince Ribbit (Lair:2)
  An ettin zombie (Vaults:1)
  6 polar bears
  9 blink frogs
  2 spectral elephants (Lair:5)
  4 dream sheep (D:12)
  12 jumping spiders
  Sigmund (D:4)
  A hornet (Lair:2)
  5 spriggans (Lair:2)
  6 culicivoras
  2 shadows (D:12)
  2 wyverns
  A vampire (D:9)
  12 humans (D:14)
  2 wraiths
  29 yaks
  4 basilisks
  A death yak simulacrum (Lair:5)
  9 steam dragons
  8 vampire mosquitoes
  9 wargs
  A redback (shapeshifter) (Vaults:5)
  18 redbacks
  Menkaure (D:7)
  17 water moccasins
  3 spectral cane toads (Lair:5)
  An acid dragon (D:13)
  62 orc warriors
  10 ice beasts
  A sky beast (D:7)
  13 ogres
  27 wolves
  3 elephant skeletons (Lair:5)
  6 centaurs
  2 phantoms
  3 kobold brigands
  10 bullfrogs
  A necrophage (D:6)
  2 cane toad simulacra (Lair:5)
  A gnoll sergeant (D:8)
  A wight (D:8)
  3 elephant simulacra (Lair:5)
  10 killer bees
  5 howler monkeys
  A vampire bat (D:9)
  10 electric eels
  A centaur zombie (Ossuary)
  9 hounds
  An iron imp (D:10)
  21 orc priests
  Crazy Yiuf (D:3)
  2 gnoll boudas
  2 iguanas
  22 orc wizards
  A centaur simulacrum (D:10)
  6 mummies (Ossuary)
  9 gnolls
  2 shadow imps (D:6)
  5 white imps
  A howler monkey simulacrum (D:9)
  3 ufetubi
  2 worms (D:3)
  4 dart slugs
  121 orcs
  10 bats
  2 endoplasms (D:1)
  5 giant cockroaches
  7 goblins
  3 hobgoblins
  3 jackals (D:2)
  3 quokkas
  7 ball pythons
  4 frilled lizards
  A hobgoblin zombie (Ossuary)
  14 kobolds
  3 rats
1143 creatures vanquished.

Vanquished Creatures (collateral kills)
  Nikola (Vaults:1)
  A necromancer (Lair:5)
  A culicivora (Spider:1)
  An ogre (D:6)
  A gnoll (D:6)
5 creatures vanquished.

Vanquished Creatures (others)
  2 quicksilver oozes (shapeshifter) (Vaults:5)
  An orc warlord (Vaults:3)
  A dire elephant (Vaults:3)
  2 yaktaur captains (Vaults:1)
  10 great orbs of eyes
  A rakshasa (D:15)
  A deep troll (shapeshifter) (Vaults:2)
  A death drake (shapeshifter) (Vaults:5)
  A swamp dragon (shapeshifter) (D:15)
  A glowing orange brain (Vaults:3)
  2 wizards
  A deep troll (Vaults:4)
  3 ironbound convokers
  2 ugly things
  5 vault sentinels
  A yaktaur (Vaults:1)
  A hornet (D:9)
  A slime creature (shapeshifter) (Vaults:5)
  21 slime creatures
  4 orc warriors
  A wolf (Lair:3)
  A bullfrog (Lair:4)
  A necrophage (D:5)
  A gnoll sergeant (D:9)
  A scorpion (D:6)
  2 killer bees (D:10)
  206 jellies
  An electric eel (D:9)
  A hound (D:6)
  6 orc priests
  3 iguanas (Lair:1)
  7 orc wizards
  An adder (D:5)
  4 gnolls (D:9)
  A white imp (D:9)
  A howler monkey simulacrum (D:9)
  A dart slug (D:3)
  An endoplasm (D:2)
  25 orcs
  A giant cockroach (D:2)
  2 hobgoblins
  A quokka (D:2)
  A ball python (D:4)
  A bat (D:9)
  3 kobolds
  A rat (D:2)
  80 fungi
  94 plants
  43 withered plants (Lair:5)
554 creatures vanquished.

Grand Total: 1702 creatures vanquished

Notes
Turn   | Place    | Note
-------+----------+-------------------------------------------
     0 | D:1      | Arximoufas the Demonspawn Gladiator began the quest for the
                  | Orb.
     0 | D:1      | Reached XP level 1. HP: 16/16 MP: 1/1
   167 | D:1      | Gained mutation: You are partially covered in rugged brown
                  | scales. (AC +1, +3% HP) [demonic ancestry]
   167 | D:1      | Reached XP level 2. HP: 16/22 MP: 2/2
   559 | D:2      | Found a faded altar of an unknown god.
   565 | D:2      | Prayed at the altar of an unknown god.
   565 | D:2      | Became a worshipper of Jiyva Jiykumoe the Shapeless
   565 | D:2      | Reached * piety under Jiyva
   764 | D:2      | Reached XP level 3. HP: 28/28 MP: 3/3
   768 | D:2      | Reached ** piety under Jiyva
  1543 | D:3      | Reached *** piety under Jiyva
  1864 | D:3      | Reached skill level 1 in Armour
  1933 | D:3      | Gained mutation: You are mostly covered in rugged brown
                  | scales. (AC +2, +5% HP) [demonic ancestry]
  1933 | D:3      | Reached XP level 4. HP: 22/35 MP: 4/4
  2256 | D:3      | Found a runed translucent door.
  2257 | D:3      | Noticed Crazy Yiuf
  2314 | D:3      | Identified the +8 mace "Desch" {vamp, rC+ rCorr SInv}
  2404 | D:4      | Found a burning altar of Makhleb.
  2406 | D:4      | Noticed a green death
  2410 | D:4      | Noticed a hellwing
  2410 | D:4      | Noticed an orange demon
  2481 | D:4      | Gained mutation: You have a small jelly attached to you
                  | that senses nearby items. [Jiyva's grace]
  2481 | D:4      | Gained mutation: Your spells are a little harder to cast,
                  | but a little more powerful. [Jiyva's grace]
  2481 | D:4      | Gained mutation: Your spells are harder to cast, but more
                  | powerful. [Jiyva's grace]
  2481 | D:4      | Gained mutation: Your spells are much harder to cast, but
                  | much more powerful. [Jiyva's grace]
  2586 | D:4      | Reached **** piety under Jiyva
  2594 | D:4      | Found Udoam's Magic Scroll Boutique.
  2600 | D:4      | Bought a scroll of fear for 52 gold pieces
  2708 | D:4      | Noticed Sigmund
  2716 | D:4      | Killed Sigmund
  2717 | D:4      | Gained mutation: You have sharp fingernails. [demonic
                  | ancestry]
  2717 | D:4      | Reached XP level 5. HP: 43/43 MP: 5/5
  2717 | D:4      | Reached XP level 6. HP: 49/49 MP: 6/6
  2827 | D:4      | Found a sand-covered staircase.
  2832 | Ossuary  | Entered an ossuary
  3066 | D:4      | Found a staircase to the Ecumenical Temple.
  3338 | D:5      | Entered Level 5 of the Dungeon
  3458 | D:5      | Noticed a water moccasin
  3466 | D:5      | Killed a water moccasin
  3501 | D:5      | Identified the +7 spear of the Rescuing Gods {venom, *Slow
                  | Str+3 Int+4}
  3606 | D:5      | Reached ***** piety under Jiyva
  3832 | D:5      | Reached XP level 7. HP: 54/54 MP: 7/7
  3865 | D:5      | Found a radiant altar of Vehumet.
  3869 | D:5      | Found a broken altar of Ashenzari.
  3870 | D:5      | Found an opulent altar of Gozag.
  3870 | D:5      | Found a sacrificial altar of Ru.
  3870 | D:5      | Found a bloodstained altar of Trog.
  3871 | D:5      | Found a shimmering altar of Xom.
  3874 | D:5      | Found a hide-covered altar of Uskayaw.
  3877 | D:5      | Found a hazy altar of Hepliaklqana.
  4154 | D:6      | Reached skill level 5 in Maces & Flails
  4601 | D:6      | Lost mutation: Your spells are much harder to cast, but
                  | much more powerful. [Jiyva's grace]
  4601 | D:6      | Gained mutation: You passively dampen the noise of your
                  | surroundings. [Jiyva's grace]
  4601 | D:6      | Gained mutation: A frigid envelope surrounds you and
                  | freezes all who hurt you. [Jiyva's grace]
  4601 | D:6      | Gained mutation: You have acidic saliva. [Jiyva's grace]
  4601 | D:6      | Gained mutation: Your flesh is cold resistant. (rC+)
                  | [Jiyva's grace]
  4673 | D:6      | Found an ornate altar of the Wu Jian Council.
  4674 | D:6      | Identified the -2 pair of gloves of the Doldrums {rPois
                  | rC++ Will-}
  4677 | D:6      | Noticed a wyvern
  4681 | D:6      | Killed a wyvern
  4682 | D:6      | Gained mutation: You are completely covered in rugged brown
                  | scales. (AC +3, +7% HP) [demonic ancestry]
  4682 | D:6      | Reached XP level 8. HP: 51/62 MP: 8/8
  4895 | D:6      | Found Fraech's Dragon-Slaying Spoils.
  5325 | D:7      | Noticed Menkaure
  5328 | D:7      | Killed Menkaure
  5329 | D:7      | Reached skill level 5 in Armour
  5459 | D:7      | Reached ****** piety under Jiyva
  5963 | D:8      | Gained mutation: Spells you cast may paralyse adjacent
                  | enemies. [demonic ancestry]
  5963 | D:8      | Reached XP level 9. HP: 59/67 MP: 9/9
  6108 | D:8      | Noticed a two-headed ogre
  6447 | D:9      | Found a staircase to the Lair.
  6599 | D:9      | Reached skill level 10 in Maces & Flails
  6714 | D:9      | Found a flagged portal.
  6745 | Bailey   | Entered a bailey
  6927 | Bailey   | Gained mutation: Spells you cast may paralyse nearby
                  | enemies. [demonic ancestry]
  6927 | Bailey   | Reached XP level 10. HP: 51/74 MP: 10/10
  6945 | Bailey   | Noticed an orc knight
  6960 | Bailey   | Killed an orc knight
  7036 | D:9      | Gained mutation: Your mind is acute. (Int +4, Str/Dex -1)
                  | [Jiyva's grace]
  7036 | D:9      | Gained mutation: Your mind is very acute. (Int +8, Str/Dex
                  | -2) [Jiyva's grace]
  7036 | D:9      | Gained mutation: Your muscles are strong. (Str +4, Int/Dex
                  | -1) [Jiyva's grace]
  7036 | D:9      | Gained mutation: Your muscles are very strong. (Str +8,
                  | Int/Dex -2) [Jiyva's grace]
  7051 | D:9      | Noticed an orange demon
  7133 | D:9      | Identified the +0 robe "Arufrady" {rElec rC+}
  7167 | D:9      | Paralysed by a hornet for 3 turns
  7747 | D:9      | Found a staircase to the Orcish Mines.
  7870 | Orc:1    | Entered Level 1 of the Orcish Mines
  7999 | Orc:2    | Entered Level 2 of the Orcish Mines
  8085 | D:9      | Gained mutation: You sometimes gain a little power by
                  | taking damage. [demonic ancestry]
  8085 | D:9      | Reached XP level 11. HP: 80/80 MP: 11/11
  8102 | Lair:1   | Entered Level 1 of the Lair of Beasts
  8135 | Lair:1   | Identified the amulet "Coareop" {Faith rElec SInv}
  8210 | Lair:1   | Found an ancient bone altar of Kikubaaqudgha.
  8471 | Lair:1   | Reached skill level 1 in Shields
  8573 | Lair:1   | You fall into a shaft and drop 1 floor!
  8607 | Lair:1   | Noticed a seven-headed hydra
  8613 | Lair:1   | Killed a seven-headed hydra
  8982 | Lair:2   | Lost mutation: Your flesh is cold resistant. (rC+) [Jiyva's
                  | grace]
  8982 | Lair:2   | Lost mutation: Your muscles are very strong. (Str +8,
                  | Int/Dex -2) [Jiyva's grace]
  8982 | Lair:2   | Lost mutation: Your muscles are strong. (Str +4, Int/Dex
                  | -1) [Jiyva's grace]
  8982 | Lair:2   | Lost mutation: Your spells are harder to cast, but more
                  | powerful. [Jiyva's grace]
  8982 | Lair:2   | Lost mutation: You have a small jelly attached to you that
                  | senses nearby items. [Jiyva's grace]
  8982 | Lair:2   | Gained mutation: You expend magic power (3 MP) to
                  | strengthen your wands. [Jiyva's grace]
  8982 | Lair:2   | Gained mutation: Your muscles are strong. (Str +4, Int/Dex
                  | -1) [Jiyva's grace]
  8982 | Lair:2   | Gained mutation: Your muscles are very strong. (Str +8,
                  | Int/Dex -2) [Jiyva's grace]
  8982 | Lair:2   | Gained mutation: Your translucent skin slightly reduces
                  | your foes' accuracy. (Stealth+) [Jiyva's grace]
  9084 | Lair:2   | Noticed a spriggan rider
  9152 | Lair:2   | Reached skill level 10 in Armour
  9192 | Lair:2   | Found a hole to the Spider Nest.
  9254 | Lair:2   | Noticed a seven-headed hydra
  9265 | Lair:2   | Killed a seven-headed hydra
  9478 | Lair:2   | Found an iron altar of Okawaru.
  9601 | Lair:2   | Noticed Prince Ribbit
  9613 | Lair:2   | Killed Prince Ribbit
  9621 | Lair:2   | Reached XP level 12. HP: 89/89 MP: 12/12
  9729 | Lair:2   | Found a transporter.
  9732 | Lair:2   | Found a transporter.
  9733 | Lair:2   | Found a bloodstained altar of Trog.
  9734 | Lair:2   | Noticed NoOffense's ghost (journeyman TrMo)
 10040 | Lair:3   | Found a staircase to the Shoals.
 10133 | Lair:3   | Found a runed translucent door.
 10134 | Lair:3   | Noticed Regoshi's ghost (journeyman SpEn)
 10253 | Lair:3   | Reached skill level 5 in Fighting
 10756 | Lair:3   | Lost mutation: Your muscles are very strong. (Str +8,
                  | Int/Dex -2) [Jiyva's grace]
 10756 | Lair:3   | Lost mutation: Your spells are a little harder to cast, but
                  | a little more powerful. [Jiyva's grace]
 10756 | Lair:3   | Lost mutation: You expend magic power (3 MP) to strengthen
                  | your wands. [Jiyva's grace]
 10756 | Lair:3   | Gained mutation: Your melee attacks may engulf your foes in
                  | ooze. [Jiyva's grace]
 10756 | Lair:3   | Gained mutation: You are agile. (Dex +4, Str/Int -1)
                  | [Jiyva's grace]
 10756 | Lair:3   | Gained mutation: You are very agile. (Dex +8, Str/Int -2)
                  | [Jiyva's grace]
 10756 | Lair:3   | Gained mutation: You are robust. (+10% HP) [Jiyva's grace]
 11050 | Lair:3   | Noticed a five-headed hydra
 11059 | Lair:3   | Killed a five-headed hydra
 11248 | Lair:4   | Noticed an eight-headed hydra
 11261 | Lair:4   | Killed an eight-headed hydra
 11434 | Lair:4   | Reached skill level 5 in Shields
 11681 | Lair:4   | Found a staircase to the Slime Pits.
 11687 | Lair:4   | Found a viscous altar of Jiyva.
 11694 | Lair:4   | Reached XP level 13. HP: 111/111 MP: 13/13
 11699 | Slime:1  | Entered Level 1 of the Pits of Slime
 11699 | Slime:1  | Noticed a quicksilver ooze
 11979 | Slime:2  | Noticed an azure jelly
 11980 | Slime:2  | Noticed an azure jelly
 11980 | Slime:2  | Noticed an acid blob
 11981 | Slime:2  | Noticed a quicksilver ooze
 11982 | Slime:2  | Noticed an azure jelly
 11983 | Slime:2  | Noticed an azure jelly
 11985 | Slime:2  | Noticed an acid blob
 11993 | Slime:2  | Noticed an azure jelly
 12041 | Slime:2  | Noticed a quicksilver ooze
 12209 | Slime:2  | Noticed an acid blob
 12459 | Slime:3  | Noticed an acid blob
 12459 | Slime:3  | Noticed an acid blob
 12561 | Slime:4  | Noticed an acid blob
 12586 | Slime:4  | Noticed an acid blob
 12679 | Slime:4  | Noticed an azure jelly
 12679 | Slime:4  | Noticed an acid blob
 12682 | Slime:4  | Noticed an acid blob
 12700 | Slime:4  | Noticed a rockslime
 12700 | Slime:4  | Noticed a rockslime
 12702 | Slime:4  | Noticed an azure jelly
 12705 | Slime:4  | Noticed a quicksilver ooze
 12710 | Slime:4  | Noticed a quicksilver ooze
 12712 | Slime:4  | Noticed an azure jelly
 12723 | Slime:4  | Noticed a quicksilver ooze
 12725 | Slime:4  | Noticed a quicksilver ooze
 12728 | Slime:4  | Noticed an azure jelly
 12729 | Slime:4  | Noticed an acid blob
 12731 | Slime:4  | Noticed an azure jelly
 12750 | Slime:4  | Noticed a rockslime
 12753 | Slime:4  | Noticed a quicksilver ooze
 12754 | Slime:4  | Noticed an azure jelly
 12881 | Slime:5  | Entered Level 5 of the Pits of Slime
 12882 | Slime:5  | Noticed a quicksilver ooze
 12912 | Slime:5  | Noticed an acid blob
 12967 | Slime:5  | Noticed a rockslime
 12975 | Slime:5  | Noticed an acid blob
 12977 | Slime:5  | Noticed an azure jelly
 12996 | Slime:5  | Noticed an acid blob
 12997 | Slime:5  | Noticed an acid blob
 13056 | Slime:5  | Noticed the Royal Jelly
 13057 | Slime:5  | Found a viscous altar of Jiyva.
 13058 | Slime:5  | Noticed a quicksilver ooze
 13062 | Slime:5  | Noticed an acid blob
 13062 | Slime:5  | Got the Elucidation of Unstable Chilblains
 13065 | Slime:5  | Got a slimy rune of Zot
 13066 | Slime:5  | Identified the +0 leather armour "Bilemum" {Rampage Regen+
                  | Str+3 Dex+5 SInv}
 13069 | Slime:5  | Identified the +4 scimitar of Xaosol {speed, rPois Will++}
 13073 | Slime:5  | Found the +18 shield of the Gong {Loud rElec rN+ Will+
                  | EV-5}
 13075 | Slime:5  | Found the ring of the Mage {Wiz Archmagi}
 13079 | Slime:5  | Identified the ring "Jaroutz" {rCorr Str+3}
 13099 | Slime:5  | Got Ahourr's Atlas of Terrestrial Summoning
 13101 | Slime:5  | Identified the +3 arbalest of the Sage {drain, Fly rN+}
 13139 | Slime:5  | Noticed an acid blob
 13158 | Slime:5  | Noticed an acid blob
 13217 | Slime:5  | Noticed an acid blob
 13219 | Slime:5  | Noticed an acid blob
 13333 | Lair:4   | Learned a level 3 spell: Swiftness
 13614 | Lair:4   | Noticed a fire dragon
 13642 | Lair:4   | Killed a fire dragon
 13643 | Lair:4   | Reached skill level 1 in Spellcasting
 13643 | Lair:4   | Reached skill level 1 in Air Magic
 13974 | Lair:5   | Entered Level 5 of the Lair of Beasts
 13974 | Lair:5   | Found the amulet of the Air {Inacc Air Fly rElec RMsl}
 14368 | Lair:5   | Lost mutation: You are robust. (+10% HP) [Jiyva's grace]
 14368 | Lair:5   | Lost mutation: Your muscles are strong. (Str +4, Int/Dex
                  | -1) [Jiyva's grace]
 14368 | Lair:5   | Lost mutation: You have acidic saliva. [Jiyva's grace]
 14368 | Lair:5   | Lost mutation: Your melee attacks may engulf your foes in
                  | ooze. [Jiyva's grace]
 14368 | Lair:5   | Gained mutation: Your translucent skin reduces your foes'
                  | accuracy. (Stealth+) [Jiyva's grace]
 14368 | Lair:5   | Gained mutation: Your transparent skin significantly
                  | reduces your foes' accuracy. (Stealth+) [Jiyva's grace]
 14368 | Lair:5   | Gained mutation: You are covered in fur. (AC +1) [Jiyva's
                  | grace]
 14368 | Lair:5   | Gained mutation: You are covered in thick fur. (AC +2)
                  | [Jiyva's grace]
 15081 | Lair:5   | Noticed a dire elephant
 15081 | Lair:5   | Noticed a dire elephant
 15081 | Lair:5   | Noticed a dire elephant
 15722 | Lair:5   | Identified the ring "Qyinun" {Fly rPois rC+ Int+6 Stlth+}
 15917 | Lair:5   | Gained mutation: You have very sharp fingernails. [demonic
                  | ancestry]
 15917 | Lair:5   | Reached XP level 14. HP: 72/105 MP: 19/19
 16122 | Lair:5   | Reached skill level 5 in Dodging
 16751 | Lair:3   | Killed Regoshi's ghost
 17079 | D:10     | Entered Level 10 of the Dungeon
 17112 | D:10     | Found Uceul's Distillery.
 17178 | D:10     | Noticed Joseph
 17192 | D:10     | Killed Joseph
 17313 | D:10     | Got the Codex of Assistive Power
 17446 | D:10     | Identified the +0 ring mail of Myrong {Harm Will+ Str-2}
 17617 | D:10     | Found a snail-covered altar of Cheibriados.
 17801 | D:11     | Identified a scroll of acquirement
 17802 | D:11     | Acquired 775 gold pieces
 17841 | D:11     | Noticed Fannar
 17871 | D:11     | Killed Fannar
 17888 | D:11     | Found an opulent altar of Gozag.
 18632 | D:6      | Bought +0 pearl dragon scales for 1100 gold pieces
 18770 | D:10     | Learned a level 2 spell: Poisonous Vapours
 18773 | D:10     | Learned a level 2 spell: Passwall
 19059 | D:3      | Killed Crazy Yiuf
 19175 | D:4      | Bought a scroll of identify for 26 gold pieces
 19175 | D:4      | Bought 2 scrolls of identify for 52 gold pieces
 19175 | D:4      | Bought a scroll of fear for 52 gold pieces
 19175 | D:4      | Bought a scroll of fear for 52 gold pieces
 19175 | D:4      | Bought a scroll of teleportation for 39 gold pieces
 19175 | D:4      | Bought a scroll of fog for 52 gold pieces
 19178 | D:4      | Reached skill level 5 in Spellcasting
 19178 | D:4      | Reached skill level 5 in Air Magic
 19178 | D:4      | Reached XP level 15. HP: 120/120 MP: 21/23
 19179 | D:4      | Reached XP level 16. HP: 129/129 MP: 22/24
 19228 | Temple   | Entered the Ecumenical Temple
 19860 | D:12     | Lost mutation: You are very agile. (Dex +8, Str/Int -2)
                  | [Jiyva's grace]
 19860 | D:12     | Lost mutation: Your mind is very acute. (Int +8, Str/Dex
                  | -2) [Jiyva's grace]
 19860 | D:12     | Lost mutation: Your transparent skin significantly reduces
                  | your foes' accuracy. (Stealth+) [Jiyva's grace]
 19860 | D:12     | Lost mutation: Your translucent skin reduces your foes'
                  | accuracy. (Stealth+) [Jiyva's grace]
 19860 | D:12     | Gained mutation: Your rubbery body absorbs attacks. (AC +1,
                  | EV +1) [Jiyva's grace]
 19860 | D:12     | Gained mutation: Your pliable body absorbs attacks. (AC +2,
                  | EV +2) [Jiyva's grace]
 19860 | D:12     | Gained mutation: Your gelatinous body deflects attacks. (AC
                  | +3, EV +3) [Jiyva's grace]
 19860 | D:12     | Gained mutation: You have a pair of small antennae on your
                  | head. [Jiyva's grace]
 19903 | D:12     | Found the +5 robe of Night {Dark Will+ SInv}
 19986 | D:12     | Learned a level 2 spell: Wereblood
 20376 | D:12     | Noticed Lodul
 20396 | D:12     | Killed Lodul
 20559 | D:12     | Noticed Rupert
 21042 | D:13     | Reached skill level 1 in Transmutations
 21078 | D:13     | Reached skill level 1 in Stealth
 21247 | D:13     | Reached skill level 10 in Fighting
 21420 | D:13     | You are sucked into a shaft and drop 2 floors!
 21420 | D:15     | Entered Level 15 of the Dungeon
 21475 | D:15     | Found a shimmering blue altar of Sif Muna.
 21863 | D:15     | Lost mutation: You are agile. (Dex +4, Str/Int -1) [Jiyva's
                  | grace]
 21863 | D:15     | Lost mutation: You are covered in thick fur. (AC +2)
                  | [Jiyva's grace]
 21863 | D:15     | Lost mutation: Your translucent skin slightly reduces your
                  | foes' accuracy. (Stealth+) [Jiyva's grace]
 21863 | D:15     | Gained mutation: Your translucent skin slightly reduces
                  | your foes' accuracy. (Stealth+) [Jiyva's grace]
 21863 | D:15     | Gained mutation: Your translucent skin reduces your foes'
                  | accuracy. (Stealth+) [Jiyva's grace]
 21863 | D:15     | Gained mutation: Your transparent skin significantly
                  | reduces your foes' accuracy. (Stealth+) [Jiyva's grace]
 21863 | D:15     | Gained mutation: You are resistant to electric shocks.
                  | (rElec) [Jiyva's grace]
 22145 | D:15     | Got Sif Muna's Teachings on Phlogiston
 22276 | D:15     | Found a staircase to the Depths.
 22479 | D:15     | Found Nephodar's Mass Market.
 22989 | D:14     | Found Med Jit's Antique Weapon Boutique.
 23216 | D:14     | Found a radiant altar of Vehumet.
 23274 | D:14     | Identified the +8 morningstar of Fuzzy Forgiveness
                  | {antimagic, Will- Int+5}
 23490 | D:14     | Found a gate to the Vaults.
 23496 | D:14     | Reached skill level 5 in Poison Magic
 23977 | D:13     | Noticed Erolcha
 23997 | D:13     | Killed Erolcha
 24088 | Vaults:1 | Entered Level 1 of the Vaults
 24204 | Vaults:1 | Noticed Nikola
 24225 | Vaults:1 | Killed Nikola
 24409 | Vaults:1 | Gained mutation: You punish those that try to bend your
                  | will. (Will+) [demonic ancestry]
 24409 | Vaults:1 | Reached XP level 17. HP: 68/136 MP: 25/25
 24707 | Vaults:1 | Reached skill level 5 in Stealth
 24880 | Vaults:1 | Lost mutation: You have a pair of small antennae on your
                  | head. [Jiyva's grace]
 24880 | Vaults:1 | Lost mutation: You are resistant to electric shocks.
                  | (rElec) [Jiyva's grace]
 24880 | Vaults:1 | Gained mutation: You have a small jelly attached to you
                  | that senses nearby items. [Jiyva's grace]
 24880 | Vaults:1 | Gained mutation: You possess an exceptional clarity of
                  | mind. [Jiyva's grace]
 24880 | Vaults:1 | Gained mutation: Armour fits poorly on your pseudopods.
                  | [Jiyva's grace]
 24880 | Vaults:1 | Gained mutation: Armour fits poorly on your large
                  | pseudopods. [Jiyva's grace]
 24950 | Vaults:1 | Reached skill level 5 in Transmutations
 24984 | Vaults:1 | Reached skill level 10 in Shields
 25718 | Vaults:1 | Learned a level 5 spell: Freezing Cloud
 25763 | Vaults:2 | Found Jumiec's Jewellery Shop.
 25976 | Vaults:2 | Reached skill level 1 in Ice Magic
 26700 | Vaults:2 | Gained mutation: You sometimes gain power by taking damage.
                  | [demonic ancestry]
 26700 | Vaults:2 | Reached XP level 18. HP: 127/143 MP: 26/26
 27128 | Vaults:2 | Reached skill level 10 in Dodging
 27132 | Vaults:2 | Reached skill level 10 in Air Magic
 27250 | Vaults:2 | Lost mutation: You possess an exceptional clarity of mind.
                  | [Jiyva's grace]
 27250 | Vaults:2 | Lost mutation: Armour fits poorly on your large pseudopods.
                  | [Jiyva's grace]
 27250 | Vaults:2 | Lost mutation: You have a small jelly attached to you that
                  | senses nearby items. [Jiyva's grace]
 27250 | Vaults:2 | Gained mutation: You are covered in thick fur. (AC +2)
                  | [Jiyva's grace]
 27250 | Vaults:2 | Gained mutation: Your thick and shaggy fur keeps you warm.
                  | (AC +3, rC+) [Jiyva's grace]
 27250 | Vaults:2 | Gained mutation: You are covered in slimy tendrils that may
                  | disarm your opponents. [Jiyva's grace]
 27250 | Vaults:2 | Gained mutation: You have hidden genetic potential.
                  | [Jiyva's grace]
 27759 | Vaults:3 | Reached skill level 5 in Ice Magic
 28065 | Vaults:3 | Found a staircase to the Crypt.
 28065 | Vaults:3 | Found an ancient bone altar of Kikubaaqudgha.
 28066 | Vaults:3 | Found a basalt altar of Yredelemnul.
 28437 | Vaults:3 | Found Xerocos's Armour Emporium.
 28444 | Vaults:3 | Bought a +2 hat of willpower for 252 gold pieces
 28506 | Vaults:3 | Identified the ring "Polo Hog" {rN+ EV+5}
 28920 | Vaults:3 | Reached skill level 1 in Conjurations
 29781 | Vaults:4 | Found a flickering gateway to a bazaar.
 29789 | Bazaar   | Entered a bazaar
 29789 | Bazaar   | Found Irroemobe's Antique Armour Shop.
 29789 | Bazaar   | Found Halod's Book Emporium.
 29789 | Bazaar   | Found Daeh's Weapon Shop.
 29789 | Bazaar   | Found Jaosutoi's Armour Shoppe.
 29791 | Bazaar   | Found Guhoch's Assorted Antiques.
 29791 | Bazaar   | Found Bomisi's Distillery.
 29829 | Bazaar   | Bought a book of Death for 484 gold pieces
 29837 | Bazaar   | Learned a level 7 spell: Haunt
 29902 | Vaults:4 | Found a runed translucent door.
 29903 | Vaults:4 | Noticed Quini's ghost (adept DjFE)
 29990 | Vaults:4 | Killed Quini's ghost
 30084 | Vaults:4 | Reached skill level 1 in Necromancy
 30099 | Vaults:4 | Reached skill level 1 in Summonings
 30220 | Vaults:4 | Gained mutation: You have claws for hands. [demonic
                  | ancestry]
 30220 | Vaults:4 | Reached XP level 19. HP: 150/151 MP: 28/28
 30478 | Vaults:4 | Gained mutation: You have supernaturally acute eyesight.
                  | (SInv) [hidden potential]
 30549 | Vaults:4 | Lost mutation: You have supernaturally acute eyesight.
                  | (SInv) [Jiyva's grace]
 30549 | Vaults:4 | Lost mutation: Your transparent skin significantly reduces
                  | your foes' accuracy. (Stealth+) [Jiyva's grace]
 30549 | Vaults:4 | Lost mutation: Your translucent skin reduces your foes'
                  | accuracy. (Stealth+) [Jiyva's grace]
 30549 | Vaults:4 | Gained mutation: You expend magic power (3 MP) to
                  | strengthen your wands. [Jiyva's grace]
 30549 | Vaults:4 | Gained mutation: Your translucent skin reduces your foes'
                  | accuracy. (Stealth+) [Jiyva's grace]
 30549 | Vaults:4 | Gained mutation: Your transparent skin significantly
                  | reduces your foes' accuracy. (Stealth+) [Jiyva's grace]
 30549 | Vaults:4 | Gained mutation: You have great hidden genetic potential.
                  | [Jiyva's grace]
 30562 | Vaults:4 | Noticed Frederick
 30767 | Vaults:4 | Noticed Mara
 30828 | Vaults:4 | Killed Frederick
 30979 | Vaults:4 | Reached skill level 5 in Necromancy
 31092 | Vaults:4 | Reached skill level 5 in Summonings
 31172 | Vaults:4 | Noticed Boris
 31690 | Vaults:5 | Entered Level 5 of the Vaults
 31987 | Vaults:4 | Reached skill level 10 in Necromancy
 32044 | Vaults:5 | Noticed a dread lich
 32233 | Vaults:5 | Paralysed by a dread lich for 5 turns
 32239 | Vaults:5 | Noticed a Brimstone Fiend
 32245 | Vaults:5 | HP: 5/149 [Ice Fiend[a dread lich] (8)]
 32456 | Vaults:5 | Identified the +6 sling "Voowep" {heavy, *Slow Dex+5}
 32570 | Vaults:5 | Noticed a dread lich
 32598 | Vaults:5 | Noticed a golden dragon
 32621 | Vaults:5 | Identified the ring of Isucev {rC+ rN+ Will+ Str+5}
 32622 | Vaults:5 | Identified the +4 trident of Fixtucse {heavy, rPois rN+
                  | Int-2}
 32630 | Vaults:5 | HP: 3/151 [frost giant/bolt of cold (8)]
 32727 | Vaults:5 | Killed a dread lich
 32893 | Vaults:5 | Killed a golden dragon
 32913 | Vaults:5 | Identified the ring "Hireptask" {rF+ Will+}
 32984 | Vaults:5 | Got Sif Muna's Directory of Effluvium and Execration
 32987 | Vaults:5 | Got Romamm's Guide on Beckoning and the Black Widow
 33003 | Vaults:5 | Learned a level 4 spell: Summon Lightning Spire
 33120 | Vaults:5 | Noticed a golden dragon
 33216 | Vaults:5 | Reached XP level 20. HP: 117/159 MP: 32/32
 33376 | Vaults:5 | Killed a dread lich
 33419 | Vaults:5 | Identified the +2 sling of Crusades {heavy, rElec rPois rC+
                  | Int-4}
 33913 | Lair:2   | Killed NoOffense's ghost
 34352 | Orc:2    | Noticed Saint Roka
 34406 | Orc:1    | Killed Saint Roka
 34423 | Orc:1    | Gained mutation: You are agile. (Dex +4, Str/Int -1)
                  | [hidden potential]
 34423 | Orc:1    | Lost mutation: You have great hidden genetic potential.
                  | [hidden potential expressed]
 34571 | Orc:2    | Found a staircase to the Elven Halls.
 34598 | Orc:2    | Noticed Maurice
 34673 | Orc:1    | Reached skill level 5 in Axes
 35013 | Orc:2    | Killed Maurice
 35194 | Orc:2    | Lost mutation: A frigid envelope surrounds you and freezes
                  | all who hurt you. [Jiyva's grace]
 35194 | Orc:2    | Lost mutation: Your thick and shaggy fur keeps you warm.
                  | (AC +3, rC+) [Jiyva's grace]
 35194 | Orc:2    | Lost mutation: Your transparent skin significantly reduces
                  | your foes' accuracy. (Stealth+) [Jiyva's grace]
 35194 | Orc:2    | Lost mutation: You expend magic power (3 MP) to strengthen
                  | your wands. [Jiyva's grace]
 35194 | Orc:2    | Gained mutation: Your melee attacks may engulf your foes in
                  | ooze. [Jiyva's grace]
 35194 | Orc:2    | Gained mutation: You have acidic saliva. [Jiyva's grace]
 35194 | Orc:2    | Gained mutation: Your spells are a little harder to cast,
                  | but a little more powerful. [Jiyva's grace]
 35194 | Orc:2    | Gained mutation: Your spells are harder to cast, but more
                  | powerful. [Jiyva's grace]
 35206 | Orc:2    | Found Wieh's Assorted Antiques.
 35228 | Orc:2    | Bought a scroll of teleportation for 117 gold pieces
 35228 | Orc:2    | Bought a pair of embroidered boots for 292 gold pieces
 35580 | Orc:2    | Found Ular's Antique Weapon Emporium.
 35583 | Orc:2    | Found Elusoxar's Antique Armour Shoppe.
 35627 | Orc:2    | Found Neteaxud's General Store.
 36549 | Spider:1 | Entered Level 1 of the Spider Nest
 38355 | Spider:2 | Blown up by an orb spider

Illustrated notes

Levels and vault maps discovered:
D:1:      roderic_dead_forest, layout_basic, minmay_misc_feat_nine_boxes,
          glass_columns_c
D:2:      layout_basic, nicolae_ecumenical_oubliette, lemuel_flame_loot_1
D:3:      layout_loops_cross, uniq_crazy_yiuf_cottage
D:4:      layout_cave_pods, makhleb_altar_promises_db,
          minmay_temple_entry_statues_fountains, serial_shops,
          nicolae_shop_trees, lightli_ossuary_entry_decrepit_ruins, uniq_sigmund
D:5:      layout_basic, minitemple
D:6:      layout_gridville, mainiacjoe_overflow_alcove_4, grunt_ministairs_2,
          nicolae_shop_dragon_depot
D:7:      layout_loops_ring, hangedman_decor_slide_cut,
          corexii_leaking_fountain, uniq_menkaure
D:8:      layout_cave_pools, hangedman_minor_gate_pass
D:9:      layout_gridville, lair_entry_dummy, erik_orc_2, enter_bailey_4,
          serial_ice, serial_ice_b, serial_ice_l, serial_ice_g, serial_ice_a,
          serial_ice_m, serial_ice_n, roderic_batcave, minmay_misc_feat_columns
D:10:     minmay_cut_squares, layout_rooms, chei_slow_surprise, serial_shops,
          kennysheep_mini_moat, dk_noncrumbling_4, dk_noncrumbling_3,
          uniq_joseph
D:11:     layout_roguey, nicolae_gozag_cash_rules_everything_around_me,
          uniq_fannar
D:12:     layout_grid_maze, hellmonk_guarded_unrand_night, uniq_rupert,
          uniq_lodul
D:13:     layout_basic, corner_web_ring, kennysheep_generic_room_2, uniq_erolcha
D:14:     layout_loops_ring, ximxim_vaults_locker_room, serial_shops,
          nicolae_shop_overgrown_old_shop, chequers_serial_rivers_micro_a,
          vehumet_crystals
D:15:     gammafunk_enter_depths_forms, layout_loops_corners,
          minmay_crystal_water, minmay_shop_mass, minmay_misc_feat_rugged,
          led_sif_book
Temple:   nicolae_temple_two_arcs
Lair:1:   beast_lair_carwin_large_2, layout_layer_cave, basic_altar
Lair:2:   layout_cave_shapes, hellmonk_spider_entry_life_and_decay, basic_altar,
          gammafunk_ghost_wrathful_warriors, uniq_prince_ribbit2
Lair:3:   beast_lair_carwin_large_4, layout_regular_city,
          nicolae_shoals_entry_roost, ebering_ghost_inner_flame, ice2_lemuel
Lair:4:   layout_loops_ring, slime_entry_1, bobbens_dragon_lair_wall
Lair:5:   due_jungle_book, layout_small_grid
Spider:1: layout_spider_delve, nicolae_spider_jagged_tunnels
Spider:2: nicolae_spider_brood_tunnel
Slime:1:  cheibrodos_slime_lost_civilization_9, layout_caves
Slime:2:  layout_caves, cheibrodos_slime_lost_civilization_7
Slime:3:  layout_caves
Slime:4:  layout_caves, special_room [special_room_jelly]
Slime:5
Orc:1:    layout_diamond_mine, dreamdust_deal_with_the_devil
Orc:2:    grunt_orc_community_town_hall, layout_caves,
          grunt_orc_community_big_house_1, grunt_orc_community_big_house_2,
          grunt_orc_community_house_3, grunt_orc_community_house_2,
          grunt_orc_community_house_2, grunt_orc_community_house_1,
          grunt_orc_community_house_2, bh_open_orc_temple, uniq_saint_roka,
          uniq_maurice
Vaults:1: nicolae_vaults_network_periphery, nicolae_vaults_little_squares_6,
          hangedman_vaults_impose, hangedman_vaults_nodes,
          ontoclasm_vaults_twist, hangedman_vaults_pinch,
          vaults_mumra_minichess, ontoclasm_vaults_ligature, v_misc_1,
          hangedman_vaults_stitches, vaults_room_octagon, layout_vaults_omnibox,
          uniq_nikola
Vaults:2: v_misc_19, ontoclasm_vaults_ring_small, v_alt_pattern_4,
          nicolae_vaults_little_squares_6, nicolae_vaults_alarming, v_misc_2,
          nicolae_vaults_yaktaur_gun_rack, nicolae_vaults_border_crossing,
          layout_vaults_quadrants, serial_shops, nicolae_shop_trees
Vaults:3: minmay_crypt_entry_necro_gods, vaults_standard_mumra_x,
          hangedman_vaults_stream, vaults_room_large_hall,
          dpeg_vaults_monster_box, vaults_dpeg_encased_lava,
          nicolae_vaults_windows_and_doors_thing,
          vaults_mumra_minichess_inversion, v_misc_19, nicolae_vaults_theta,
          v_rooms_3, layout_vaults_maze_snakey, serial_shops,
          nicolae_shop_hallway_plus
Vaults:4: ebering_ghost_reflecting_pool, v_pattern_5, v_misc_27, v_misc_25,
          hangedman_vaults_stagger, nicolae_vaults_network_star,
          hangedman_vaults_restitches, nicolae_vaults_asterisk,
          grunt_vaults_funnel, vaults_dpeg_hooks, layout_vaults_chaotic_city,
          serial_shops, bzr_entry_water, uniq_mara, uniq_frederick, uniq_boris
Vaults:5

Skill      XL: |  1  2  3  4  5  6  7  8  9 10 11 12 13 14 15 16 17 18 19 20 |
---------------+-------------------------------------------------------------+-----
Axes           | 3 4 9 |  9.0
Throwing       | 2 |  2.0
Armour         | 1 2 3 4 5 7 8 10 12 13 | 13.0
Fighting       | 3 4 6 8 9 10 | 10.8
Maces & Flails | 2 4 6 8 10 12 13 | 13.7
Shields        | 2 5 6 7 8 9 11 12 | 12.9
Dodging        | 4 5 6 7 9 10 | 10.7
Spellcasting   | 3 5 6 8 |  8.0
Air Magic      | 3 5 6 7 9 10 | 10.0
Poison Magic   | 2 3 5 |  5.0
Transmutations | 3 5 |  5.0
Stealth        | 3 5 6 |  6.5
Ice Magic      | 3 5 |  5.7
Conjurations   | 2 |  2.5
Necromancy     | 1 10 11 | 11.0
Summonings     | 1 8 |  8.8

Action                     |  1- 3 |  4- 6 |  7- 9 | 10-12 | 13-15 | 16-18 | 19-21 || total
---------------------------+-------+-------+-------+-------+-------+-------+-------++-------
  Melee: War axe           |   123 |     9 |       |       |       |       |       ||   132
         Punch             |     3 |     2 |     5 |     5 |       |       |       ||    15
         Battleaxe         |    13 |       |       |       |       |       |       ||    13
         Mace              |       |    75 |   224 |   571 |   757 |  2568 |  1916 ||  6111
         Bite              |       |       |    24 |    79 |    22 |       |   130 ||   255
         Pseudopods        |       |       |       |       |       |   412 |   588 ||  1000
         Executioner's axe |       |       |       |       |       |       |   336 ||   336
  Throw: Dart              |       |       |       |     2 |       |       |       ||     2
   Cast: Swiftness         |       |       |       |       |       |     3 |     6 ||     9
         Wereblood         |       |       |       |       |       |     1 |     4 ||     5
 Invoke: Oozemancy         |       |       |       |     4 |       |    10 |    11 ||    25
  Evoke: Wand              |       |     6 |       |    14 |     5 |       |     2 ||    27
    Use: Scroll            |       |     3 |     7 |     7 |     8 |    18 |    10 ||    53
         Potion            |       |       |     2 |     3 |     4 |     6 |    11 ||    26
   Stab: Distracted        |       |       |       |       |     1 |     6 |       ||     7
         Sleeping          |       |       |       |       |       |     6 |     8 ||    14
         Paralysed         |       |       |       |       |       |       |     2 ||     2
 Armour: Leather armour    |     3 |       |       |       |       |       |       ||     3
         Chain mail        |    84 |    43 |   177 |    28 |       |       |       ||   332
         Plate armour      |       |       |       |   319 |   359 |       |       ||   678
         Robe              |       |       |       |     9 |       |       |       ||     9
         Pearl dragon scal |       |       |       |       |       |   760 |  1094 ||  1854
  Dodge: Dodged            |    63 |    37 |    94 |   199 |   211 |  1710 |  2518 ||  4832
         Repelled          |       |       |       |       |     1 |    16 |     6 ||    23
  Block: Buckler           |       |       |       |    19 |   178 |   662 |   756 ||  1615

Table legend: (Time is in decaauts)
 A = Elapsed time spent in this place.
 B = Non-inter-level travel time spent in this place.
 C = Inter-level travel time spent in this place.
 D = Time resting spent in this place.
 E = Time spent auto-exploring this place.
 F = Levels seen in this place.
 G = Mean time per level.
                   A        B        C        D        E       F      G
               +--------+--------+--------+--------+--------+-----+--------+
         Total |  36973 |  33984 |   2989 |   3570 |  15306 |  38 |  973.0 |
       Dungeon |  14723 |  13034 |   1689 |   1002 |   7586 |  15 |  981.5 |
        Temple |    110 |     96 |     14 |      0 |     87 |   1 |  110.0 |
          Lair |   7714 |   7061 |    653 |    851 |   2870 |   5 | 1542.8 |
   Spider Nest |   1603 |   1555 |     48 |    149 |    276 |   2 |  801.5 |
    Slime Pits |   1611 |   1440 |    171 |      0 |   1300 |   5 |  322.2 |
  Orcish Mines |   2103 |   1900 |    203 |    331 |    768 |   2 | 1051.5 |
        Vaults |   8573 |   8363 |    210 |   1023 |   2390 |   5 | 1714.6 |
        Bazaar |     63 |     63 |      0 |      0 |      0 |   1 |   63.0 |
       Ossuary |    192 |    192 |      0 |    109 |     28 |   1 |  192.0 |
        Bailey |    277 |    277 |      0 |    105 |      1 |   1 |  277.0 |
               +--------+--------+--------+--------+--------+-----+--------+

Top non-repeatable levels by time:
  Lair:5: 2428 daAuts
Vaults:4: 2138 daAuts
Vaults:3: 1842 daAuts
Vaults:2: 1785 daAuts
  Lair:2: 1629 daAuts
     D:9: 1614 daAuts
Vaults:1: 1514 daAuts
    D:15: 1388 daAuts
  Lair:4: 1378 daAuts
  Lair:3: 1371 daAuts
   Orc:2: 1320 daAuts
Vaults:5: 1293 daAuts
     D:6: 1215 daAuts
     D:4: 1095 daAuts
    D:12: 1057 daAuts
